 Dungeon Crawl Stone Soup version 0.32-a0-7-ge934b4519a (webtiles) character file.

Game seed: 6187818169972284881

228 Aldia the Shooter (level 6, -12/47 HPs)
             Began as a Formicid Hunter on Jan 13, 2024.
             Blown up by Ijyb (15 damage)
             ... with a mindburst bolt
             ... on level 4 of the Dungeon.
             The game lasted 00:05:12 (2669 turns).

Aldia the Shooter (Formicid Hunter)                 Turns: 2669, Time: 00:05:13

Health: -12/47     AC:  5    Str: 22    XL:     6   Next: 23%
Magic:  6/6        EV: 13    Int:  8    God:
Gold:   212        SH:  0    Dex: 19    Spells: 5/5 levels left

rFire   . . .        a - +0 shortbow (elec)
rCold   . . .        (no shield)
rNeg    . . .        c - +0 leather armour
rPois   .            (helmet unavailable)
rElec   .            (no cloak)
rCorr   .            g - +0 pair of gloves
SInv    +            k - +0 pair of boots
Will    .....        r - amulet of magic regeneration
Stlth   ++           n - +6 ring of strength
HPRegen 0.27/turn    (no ring)
MPRegen 0.50/turn

%: no passive effects
@: no status effects
A: permanent stasis, dig shafts and tunnels, antennae 3, four strong arms
a: Dig, Shaft Self


You were on level 4 of the Dungeon.
You visited 1 branch of the dungeon, and saw 4 of its levels.

You collected 212 gold pieces.

Inventory:

Hand Weapons
 a - a +0 shortbow of electrocution (weapon)
 q - the +5 battleaxe of the Threshing Vulture {heavy, rPois}
   (You found it on level 3 of the Dungeon)

   rPois:     It protects you from poison
Armour
 c - a +0 leather armour (worn)
 g - a +0 pair of gloves (worn)
 i - a +0 scale mail
 k - a +0 pair of boots (worn)
 l - a +0 ring mail
Jewellery
 n - a +6 ring of strength (left hand)
 r - an amulet of magic regeneration (around neck)
Scrolls
 b - a scroll of butterflies
 e - a scroll of amnesia
Potions
 d - a potion of mutation {unknown}
 f - a potion of resistance {unknown}
 h - 3 potions of curing
 j - a potion of cancellation {unknown}
 m - a potion of heal wounds {unknown}
 o - a potion of enlightenment
 p - a potion of magic {unknown}


   Skills:
 + Level 3.5 Fighting
 * Level 5.5 Ranged Weapons
 + Level 1.8 Armour
 + Level 2.9 Dodging
 - Level 1.2 Stealth


You had 5 spell levels left.
You didn't know any spells.
Your spell library contained the following spells:

 Spells                   Type           Power      Damage    Failure   Level
 Sandblast                Erth           0%         2d4       45%         1
 Passwall                 Erth           0%         N/A       83%         3
 Stone Arrow              Conj/Erth      0%         3d7       83%         3
 Brom's Barrelling Bould  Conj/Erth      0%         2d3       99%         4


Dungeon Overview and Level Annotations

Branches:
Dungeon (4/15)
 Temple: D:4-7

Altars:

Annotations:
D:4 Ijyb


Innate Abilities, Weirdness & Mutations

You cannot be hasted, slowed, berserked, paralysed or teleported.
You can dig through walls and to a lower floor.
You have a pair of large antennae on your head. (SInv)
Your four strong arms can wield two-handed weapons with a shield.


Message History

Ijyb the Twisted Goblin comes into view.
She is wielding a +0 club, wearing a +0 leather armour of willpower and carrying a wand of mindburst.
Ijyb shouts!
You shoot an arrow. The arrow closely misses Ijyb.
Ijyb zaps a wand.
Your mind is blasted!
You shoot an arrow. The arrow barely misses Ijyb.
Ijyb zaps a wand.
You struggle to resist.
You shoot an arrow. The arrow hits Ijyb!
Ijyb is moderately wounded.
You shoot an arrow. The arrow hits Ijyb but does no damage.
Ijyb is moderately wounded.
You shoot an arrow. The arrow hits Ijyb but does no damage.
Ijyb is moderately wounded.
Ijyb zaps a wand.
Your mind is blasted!
You shoot an arrow. The arrow hits Ijyb.
Ijyb is moderately wounded.
You shoot an arrow. The arrow barely misses Ijyb.
Ijyb zaps a wand.
Your mind is blasted!
You are too injured to fight recklessly!
You are too injured to fight recklessly!
You are too injured to fight recklessly!
You are too injured to fight recklessly!
You don't know any spells.
Non-targeted abil: Dig
Press: ? - help, Q - select action, (/) - cycle Dir - look around, f - activate You extend your mandibles.
Unknown command.
Fire: a) +0 shortbow (elec)
Press: ? - help, Q - select action, (/) - cycle Shift-Dir - straight line, f - Ijyb
Aim: Ijyb, wielding a +0 club, wearing a +0 leather armour of willpower and carrying a wand of mindburst (moderately wounded, 58% to hit)
You shoot an arrow. The arrow closely misses Ijyb.
Ijyb zaps a wand.
You struggle to resist.
Fire: a) +0 shortbow (elec)
Press: ? - help, Q - select action, (/) - cycle Shift-Dir - straight line, f/p - Ijyb
Aim: Ijyb, wielding a +0 club, wearing a +0 leather armour of willpower and carrying a wand of mindburst (moderately wounded, 58% to hit)
You shoot an arrow. The arrow hits Ijyb but does no damage.
Ijyb is moderately wounded.
Ijyb zaps a wand.
Your mind is blasted!
* * * LOW HITPOINT WARNING * * *
Ijyb zaps a wand.
Your mind is blasted!
You die...

#########
#........
#........
#........
#########........
.................
.................
#######.#@.g.....
#.#........
#.######### #.###
#.# #. #...###
#.# #.
###...####### #.#
#. ###........
#.# #. #..######
#.# #. #...# #.#
#.


You could see Ijyb.

Vanquished Creatures
  An orc priest (D:3)
  3 orc wizards
  5 adders
  2 dart slugs
  8 orcs
  A ball python (D:4)
  5 bats
  9 endoplasms
  A giant cockroach (D:3)
  2 goblins (D:3)
  11 hobgoblins
  4 quokkas
  A frilled lizard (D:3)
  8 kobolds
  7 rats
68 creatures vanquished.

Notes
Turn   | Place    | Note
-------+----------+-------------------------------------------
     0 | D:1      | Aldia the Formicid Hunter began the quest for the Orb.
     0 | D:1      | Reached XP level 1. HP: 16/16 MP: 1/1
   141 | D:1      | Reached XP level 2. HP: 23/23 MP: 2/2
   468 | D:1      | Reached XP level 3. HP: 28/28 MP: 3/3
   940 | D:2      | Reached XP level 4. HP: 33/34 MP: 4/4
  1376 | D:3      | Reached skill level 5 in Ranged Weapons
  1376 | D:3      | Reached XP level 5. HP: 18/41 MP: 5/5
  1492 | D:3      | Identified the +5 battleaxe of the Threshing Vulture
                  | {heavy, rPois}
  1538 | D:3      | Reached skill level 1 in Armour
  2510 | D:4      | Reached XP level 6. HP: 47/47 MP: 6/6
  2660 | D:4      | Noticed Ijyb
  2669 | D:4      | Blown up by Ijyb

Illustrated notes

Levels and vault maps discovered:
D:1:      elethiomel_arrival_maze, layout_basic
D:2:      layout_rooms
D:3:      layout_loops_corners, corexii_hall_statues_i, hangedman_decor_points
D:4:      layout_basic, uniq_grinder, uniq_duvessa, uniq_ijyb

Skill      XL: |  1  2  3  4  5 |
---------------+----------------+-----
Dodging        | 2 |  2.9
Fighting       | 3 |  3.5
Ranged Weapons | 5 |  5.5
Armour         | 1 |  1.8
Stealth        | |  1.2

Action                     |  1- 3 |  4- 6 || total
---------------------------+-------+-------++-------
   Fire: Shortbow          |    88 |   131 ||   219
Ability: Dig               |       |     1 ||     1
    Use: Scroll            |       |     9 ||     9
 Armour: Leather armour    |    13 |    39 ||    52
  Dodge: Dodged            |    15 |    33 ||    48

Table legend: (Time is in decaauts)
 A = Elapsed time spent in this place.
 B = Non-inter-level travel time spent in this place.
 C = Inter-level travel time spent in this place.
 D = Time resting spent in this place.
 E = Time spent auto-exploring this place.
 F = Levels seen in this place.
 G = Mean time per level.
                   A        B        C        D        E       F      G
               +--------+--------+--------+--------+--------+-----+--------+
         Total |   2709 |   2588 |    121 |     55 |   2010 |   4 |  677.2 |
       Dungeon |   2709 |   2588 |    121 |     55 |   2010 |   4 |  677.2 |
               +--------+--------+--------+--------+--------+-----+--------+

Top non-repeatable levels by time:
     D:3: 1029 daAuts
     D:1: 749 daAuts
     D:2: 596 daAuts
     D:4: 334 daAuts
